 Dungeon Crawl Stone Soup version 0.21-a0-39-g28ea6b7 (webtiles) character file.

18 TheGoonsmith the Shield-Bearer (level 2, 0/16 HPs)
             Began as a Vine Stalker Fighter on May 31, 2017.
             Slain by an adder (1 damage)
             ... on level 2 of the Dungeon.
             The game lasted 00:00:50 (660 turns).

TheGoonsmith the Shield-Bearer (VSFi)                Turns: 660, Time: 00:00:50

Health: 0/16       AC:  6    Str: 23    XL:     2   Next: 66%
Magic:  0/3        EV:  7    Int:  8    God:
Gold:   46         SH:  9    Dex: 13    Spells: 1/1 levels left

rFire    . . .     SeeInvis .   a - +0 flail
rCold    . . .     Gourm    .   c - +0 shield
rNeg     . . .     Faith    .   b - +0 scale mail
rPois    .         Spirit   +   (no helmet)
rElec    .         Reflect  .   (no cloak)
rCorr    .         Harm     .   (no gloves)
MR       .....                  (no boots)
Stlth    ..........             (no amulet)
Regen    0.1/turn               (no ring)
MPRegen  0.1/turn               (no ring)

@: mighty, lethally poisoned (0 -> -6)
A: fangs 2, magic shield, antimagic bite, no potion heal 3, rot immunity
a: no special abilities


You were on level 2 of the Dungeon.
You were not hungry.

You visited 1 branch of the dungeon, and saw 2 of its levels.

You collected 46 gold pieces.

Inventory:

Hand Weapons
 a - a +0 flail (weapon)
Armour
 b - a +0 scale mail (worn)
 c - a +0 shield (worn)
Scrolls
 e - a scroll of identify {unknown}
 h - a scroll of recharging {unknown}
 j - a scroll of teleportation {unknown}
 k - a scroll of immolation {unknown}
 m - a scroll of amnesia {unknown}
Potions
 g - a potion of haste {unknown}
 i - a potion of agility {unknown}
 n - a potion of berserk rage {unknown}
Comestibles
 f - a bread ration


   Skills:
 + Level 2.8 Fighting
 * Level 2.2 Maces & Flails
 - Level 2.4 Armour
 + Level 3.1 Shields


You had one spell level left.
You didn't know any spells.

Dungeon Overview and Level Annotations

Branches:
Dungeon (2/15)

Altars:


Innate Abilities, Weirdness & Mutations

You have extremely sharp teeth.
When hurt, damage is shared between your health and your magic reserves.
Your bite disrupts and absorbs the magic of your enemies.
Potions cannot restore your health.
You are immune to rotting.


Message History

You closely miss the adder. You bite the adder, but do no damage.
The adder is lightly wounded.
You block the bat's attack. The bat hits you but does no damage.
The adder closely misses you. The adder bites you but does no damage.
You closely miss the adder. Your bite misses the adder.
The adder is lightly wounded.
You block the bat's attack. The bat completely misses you. The adder bites you.
* * * LOW HITPOINT WARNING * * *
You are lethally poisoned!
The adder poisons you!
You sock the adder! Your bite misses the adder.
The adder is almost dead.
* * * LOW HITPOINT WARNING * * *
You feel sick. The bat hits you but does no damage. You block the bat's attack.
The adder barely misses you. The bat barely misses you. The adder bites you.
* * * LOW HITPOINT WARNING * * *
You feel very mighty all of a sudden. You block the bat's attack.
The bat hits you but does no damage. The adder bites you.
You die...

... #.# #.# #.# #.#
####.######### #
#.[(.)...<...#
#.#.######.###.....
#..@b# #.# ###
...)...S..# #.#
#.#.##.#.b...... ..
.# ..####.. #. ##
... #..# . .##.
#..# .. .. .. .<


You could see an adder and 2 bats.

Vanquished Creatures
  A dart slug (D:2)
  A leopard gecko (D:1)
  2 goblins (D:1)
  3 hobgoblins
  A bat (D:1)
  A frilled lizard (D:1)
  6 kobolds
  A rat (D:1)
16 creatures vanquished.

Notes
Turn   | Place    | Note
-------+----------+-------------------------------------------
     0 | D:1      | TheGoonsmith the Vine Stalker Fighter began the quest for the Orb.
     0 | D:1      | Reached XP level 1. HP: 11/11 MP: 2/2
   232 | D:1      | Reached XP level 2. HP: 13/16 MP: 3/3
   246 | D:1      | Reached skill level 3 in Shields
   660 | D:2      | Slain by an adder

Vault maps used:
D:1:      dpeg_arrival_rhombus
D:2:      overflow_temple_1_default, old_standard_altar,
          nicolae_dithmenos_through_a_glass_darkly,
          gammafunk_temple_overflow_wave, minmay_small_reverse_x

Skill      XL: |  1  2 |
---------------+-------+-----
Maces & Flails | 2 |  2.2
Shields        | 3 |  3.1
Fighting       | |  2.8
Armour         | |  2.4

Action                   || total
-------------------------++-------
Melee: Flail             ||    52
       Bite              ||     8
  Use: Potion            ||     1
Armor: Scale mail        ||    35
Dodge: Dodged            ||    18
Block: Shield            ||    16
